 Dungeon Crawl Stone Soup version 0.30.0-29-ga12c61a403 (webtiles) character file.

Game seed: 10690370386085972159

47 Wkid the Caller (level 3, -5/23 HPs)
             Began as an Octopode Summoner on June 13, 2023.
             Shot with a sling bullet by a goblin (6 damage)
             ... led by Robin
             ... on level 2 of the Dungeon.
             The game lasted 00:05:34 (1743 turns).

Wkid the Caller (Octopode Summoner)                 Turns: 1743, Time: 00:05:35

Health: -5/23      AC:  1    Str:  7    XL:     3   Next: 70%
Magic:  6/6        EV: 13    Int: 17    God:
Gold:   84         SH:  0    Dex: 14    Spells: 5/6 levels left

rFire   . . .        g - +0 mace
rCold   . . .        (no shield)
rNeg    . . .        (helmet restricted)
rPois   .            (no amulet)
rElec   .            (no ring)
rCorr   .            (no ring)
SInv    .            (no ring)
Will    .....        (no ring)
Stlth   +++          (no ring)
HPRegen 0.23/turn    (no ring)
MPRegen 0.10/turn    (no ring)
                     (no ring)

%: no passive effects
@: no status effects
A: almost no armour, amphibious, 8 rings, camouflage 1, gelatinous body 1,
(nimble swimmer 1), tentacles
a: no special abilities


You were on level 2 of the Dungeon.
You visited 1 branch of the dungeon, and saw 2 of its levels.

You collected 84 gold pieces.

Inventory:

Hand Weapons
 g - a +0 mace (weapon)
Jewellery
 m - a ring of protection from fire
Wands
 l - a wand of flame (13)
Scrolls
 e - a scroll of noise {unknown}
 f - 2 scrolls of identify
 i - a scroll of fog {unknown}
 j - a scroll of enchant armour
 k - 3 scrolls of silence {unknown}
Potions
 a - a potion of magic
 b - a potion of flight {unknown}
 c - a potion of berserk rage {unknown}
 d - a potion of heal wounds {unknown}
 h - a potion of mutation {unknown}


   Skills:
 + Level 1.1 Fighting
 * Level 1.8 Maces & Flails
 - Level 2.0 Dodging
 - Level 2.6 Stealth
 + Level 2.3 Spellcasting
 + Level 4.3 Summonings


You had 5 spell levels left.
You knew the following spells:

 Your Spells              Type           Power      Damage    Failure   Level
a - Summon Small Mammal   Summ           64%        N/A       3%          1

Your spell library contained the following spells:

 Spells                   Type           Power      Damage    Failure   Level
 Call Imp                 Summ           32%        N/A       4%          2
 Call Canine Familiar     Summ           16%        N/A       10%         3
 Summon Guardian Golem    Hex/Summ       9%         N/A       24%         3
 Summon Lightning Spire   Summ/Air       9%         N/A       61%         4


Dungeon Overview and Level Annotations

Branches:
Dungeon (2/15)

Altars:

Annotations:
D:2 exclusion: gnoll, Robin


Innate Abilities, Weirdness & Mutations

You cannot wear most types of armour.
You are amphibious.
You can wear up to eight rings at the same time.
Your skin changes colour to match your surroundings (Stealth+).
Your rubbery body absorbs attacks. (AC +1, EV +1)
((You are camouflaged when in or above water. (Stealth+)))
You have tentacles for arms and can constrict up to eight enemies at once.


Message History

You hear a shout! x4
Robin of the Strong Arm comes into view.
They are wielding a +0 club.
A goblin comes into view. It is wielding a +0 club. x2
Robin roars a battlecry!
The goblins go into a battle-frenzy!
The goblin unwields a +0 club.
The goblin wields a +0 sling.
The goblin shoots a sling bullet.
The sling bullet barely misses you.
You hear a shout!
Unknown command.
Robin throws the goblin at you! The goblin hits you with a club.
The goblin hits you with a +0 club.
A goblin comes into view. It is wielding a +0 dagger.
The goblin unwields a +0 club.
The goblin wields a +0 sling.
The goblin shoots a sling bullet.
The sling bullet barely misses your rat.
The sling bullet closely misses you.
The goblin shoots a sling bullet.
The sling bullet closely misses your rat.
The sling bullet barely misses you. Robin throws the goblin at you!
The goblin hits you with a +0 club. The goblin barely misses you.
The goblin shoots a sling bullet.
The sling bullet hits you.
The goblin shoots a sling bullet.
The sling bullet hits your rat.
Your rat dies!
Your rat's corpse disappears in a puff of smoke!
You hear a shout!
The goblin hits you with a +0 club.
The goblin shoots a sling bullet.
The sling bullet hits you.
* * * LOW HITPOINT WARNING * * *
You hear a shout!
Unknown command.
Okay, then.
Okay, then.
As you read the scroll labelled SIOGAMIJAPI, it crumbles to dust.
It is a scroll of identify.
j - a scroll of enchant armour Robin throws the goblin at you!
* * * LOW HITPOINT WARNING * * *
The goblin closely misses you. The goblin misses you.
The goblin shoots a sling bullet.
The sling bullet hits you.
You die...

.........# ###......# ###
########.# #....g...# #.. )#
#.# #.g.g....# #.# †#######.#
#.......# # # .†.#.....#
#.).....# # )..#.#####
#.......# # ...#.# #.......# #
...#.########..g....# .
...............g@...# g
####.............g..# .
#................#
#................#
#.........(......###########
#.....................<....###
#.............................
#...........####...........###
############## ##.......#+####


You could see Robin and 5 goblins.

Vanquished Creatures
  A gnoll (D:1)
  2 endoplasms
  2 giant cockroaches
  3 goblins
  2 hobgoblins
  4 jackals
  3 quokkas
  4 ball pythons (D:1)
  2 bats (D:2)
  2 frilled lizards
  A kobold (D:2)
  2 rats
28 creatures vanquished.

Vanquished Creatures (collateral kills)
  2 giant cockroaches (D:1)
  A goblin (D:2)
  2 jackals (D:2)
5 creatures vanquished.

Grand Total: 33 creatures vanquished

Notes
Turn   | Place    | Note
-------+----------+-------------------------------------------
     0 | D:1      | Wkid the Octopode Summoner began the quest for the Orb.
     0 | D:1      | Reached XP level 1. HP: 11/11 MP: 3/3
   465 | D:2      | Reached XP level 2. HP: 17/18 MP: 1/5
   758 | D:1      | Reached skill level 1 in Maces & Flails
  1051 | D:1      | Reached XP level 3. HP: 22/22 MP: 6/6
  1068 | D:1      | Reached skill level 1 in Fighting
  1738 | D:2      | Noticed Robin
  1743 | D:2      | HP: 1/23 [Robin/goblin (2)]
  1743 | D:2      | Shot with a sling bullet by a goblin

Illustrated notes

Levels and vault maps discovered:
D:1:      psy_arrival_fountain, layout_basic
D:2:      layout_basic, uniq_robin

Skill      XL: |  1  2  3 |
---------------+----------+-----
Maces & Flails | 1 |  1.8
Fighting       | 1 |  1.1
Dodging        | |  2.0
Stealth        | |  2.6
Spellcasting   | |  2.3
Summonings     | |  4.3

Action                     || total
---------------------------++-------
  Melee: Dagger            ||    13
         Constrict         ||    20
         Unarmed           ||     4
         Tentacles         ||    14
         Mace              ||    47
   Cast: Summon Small Mamm ||    16
    Use: Scroll            ||     1
   Stab: Sleeping          ||     5
         Distracted        ||     1
 Armour: Skin              ||     5
  Dodge: Dodged            ||    67
